 Dungeon Crawl Stone Soup version 0.31-a0-115-g4708a659fe (webtiles) character file.

Game seed: 6647372595213994238

81 Jeffwins the Firebug (level 4, 0/24 HPs)
             Began as a Vine Stalker Wanderer on May 29, 2023.
             Slain by Robin
             ... wielding a +5 club
              (2 damage)
             ... on level 2 of the Dungeon.
             The game lasted 00:04:38 (1281 turns).

Jeffwins the Firebug (Vine Stalker Wanderer)        Turns: 1281, Time: 00:04:38

Health: 0/24       AC:  3    Str: 13    XL:     4   Next: 40%
Magic:  0/8        EV: 11    Int: 16    God:
Gold:   113        SH:  0    Dex: 13    Spells: 6/7 levels left

rFire   . . .        a - +0 rapier
rCold   . . .        (no shield)
rNeg    . . .        d - +0 robe
rPois   .            f - +0 helmet
rElec   .            (no cloak)
rCorr   .            (no gloves)
SInv    +            (no boots)
Will    .....        (no amulet)
Stlth   ++           v - ring of see invisible
HPRegen 1.04/turn    (no ring)
MPRegen 0.11/turn

%: guardian spirit
@: no status effects
A: fangs 2, regeneration 1, magic shield, antimagic bite, no potion heal 2
a: no special abilities


You were on level 2 of the Dungeon.
You visited 1 branch of the dungeon, and saw 2 of its levels.

You collected 113 gold pieces.


Innate Abilities, Weirdness & Mutations

You have extremely sharp teeth.
Your natural rate of healing is unusually fast.
When hurt, damage is shared between your health and your magic reserves.
Your bite disrupts and absorbs the magic of your enemies.
Potions cannot restore your health.


   Skills:
 + Level 3.0 Fighting
 + Level 2.0 Stealth
 * Level 2.2 Spellcasting
 * Level 1.8 Conjurations
 * Level 5.3 Fire Magic


You had 6 spell levels left.
You knew the following spells:

 Your Spells              Type           Power      Damage    Failure   Level
z - Foxfire               Conj/Fire      52%        2x1d6     4%          1

Your spell library contained the following spells:

 Spells                   Type           Power      Damage    Failure   Level
 Inner Flame              Hex/Fire       10%        N/A       21%         3
 Ignite Poison            Fire/Tmut/Pois 7%         N/A       28%         3

Inventory:

Hand Weapons
 a - a +0 rapier (weapon)
Armour
 d - a +0 robe (worn)
 f - a +0 helmet (worn)
 h - an orb of mayhem
Jewellery
 v - a ring of see invisible (left hand)
Wands
 i - a wand of flame (3)
Scrolls
 e - a scroll of fog
 g - a scroll of identify {unknown}
Potions
 b - a potion of lignification {!q}
 c - a potion of brilliance

Dungeon Overview and Level Annotations

Branches:
Dungeon (2/15)

Altars:

Annotations:
D:2 Robin

.....................#
..!.................##
....................#
....................##
...........#....#....#
......))............##
....g.)g).......#...#
....###.##§§....#...##
. #.##@§..###....##
#.†g)...# #.....#####
####)...# #.........#
#.##.# #.........#
#....# #..........
###### ###########


You could see Robin.


Message History

You hit Robin but do no damage.
Robin is heavily wounded.
Robin barely misses you.
Unknown command.
You closely miss Robin. You bite Robin, but do no damage.
Robin is heavily wounded.
Robin hits you but does no damage.
Unknown command.
You hit Robin. Your bite misses Robin.
Robin is heavily wounded.
Robin barely misses you.
Unknown command.
You closely miss Robin.
Robin is heavily wounded.
Robin hits you with a +5 club!
* * * LOW HITPOINT WARNING * * *
Unknown command.
Casting: Foxfire (safe; 4% risk of failure)
Confirm with . or Enter, or press ? or * to list all spells.
You conjure some foxfire!
Robin hits you with a +5 club.
* * * LOW HITPOINT WARNING * * *
Unknown command.
You closely miss Robin.
Robin is heavily wounded.
The foxfire hits Robin but does no damage.
Robin is heavily wounded.
The foxfire hits Robin.
Robin is severely wounded.
Robin hits you with a +5 club.
You die...

Skill      XL: |  1  2  3  4 |
---------------+-------------+-----
Conjurations   | 1 |  1.8
Spellcasting   | 2 |  2.2
Stealth        | 2 |  2.0
Fighting       | 3 |  3.0
Fire Magic     | |  5.3

Action                     |  1- 3 |  4- 6 || total
---------------------------+-------+-------++-------
  Melee: Dagger            |     8 |       ||     8
         Rapier            |    30 |    15 ||    45
         Bite              |     7 |     4 ||    11
   Cast: Foxfire           |    42 |    10 ||    52
    Use: Potion            |     1 |       ||     1
   Stab: Sleeping          |     1 |       ||     1
 Armour: Robe              |     3 |     5 ||     8
  Dodge: Dodged            |    18 |    21 ||    39

Levels and vault maps discovered:
D:1:      kennysheep_arrival_forest, layout_rooms, grunt_decor_junction,
          minmay_misc_feat_iff, chequers_serial_rivers_small_a, hex_large,
          minmay_misc_feat_chi
D:2:      layout_basic, hangedman_decor_points, minmay_puff, uniq_jessica,
          uniq_robin, uniq_crazy_yiuf_cottage

Notes
Turn   | Place    | Note
-------+----------+-------------------------------------------
     0 | D:1      | Jeffwins the Vine Stalker Wanderer began the quest for the
                  | Orb.
     0 | D:1      | Jeffwins set off with the following items: a +0 dagger, a
                  | potion of lignification {!q}, a potion of brilliance, a +0
                  | robe, a scroll of fog; and the following spell memorised:
                  | Foxfire; and the following spells available to memorise:
                  | Inner Flame, Ignite Poison.
     0 | D:1      | Reached XP level 1. HP: 11/11 MP: 3/3
   115 | D:1      | Reached XP level 2. HP: 9/16 MP: 0/5
   272 | D:1      | Reached skill level 1 in Conjurations
   556 | D:1      | Reached XP level 3. HP: 5/19 MP: 1/6
   827 | D:1      | Reached skill level 2 in Spellcasting
  1158 | D:2      | Noticed Jessica
  1162 | D:2      | Killed Jessica
  1163 | D:2      | Reached skill level 2 in Stealth
  1163 | D:2      | Gained mutation: Your natural rate of healing is unusually
                  | fast. [Vine Stalker growth]
  1163 | D:2      | Reached XP level 4. HP: 9/23 MP: 0/8
  1250 | D:2      | Noticed Robin
  1265 | D:2      | Reached skill level 3 in Fighting
  1280 | D:2      | HP: 1/24 [Robin/+5 club (4)]
  1281 | D:2      | Slain by Robin

Vanquished Creatures
  Jessica (D:2)
  A gnoll (D:1)
  2 dart slugs (D:1)
  2 ball pythons
  2 endoplasms (D:1)
  A giant cockroach (D:1)
  14 goblins
  5 hobgoblins
  A quokka (D:1)
  3 bats (D:1)
  4 frilled lizards (D:1)
  2 rats (D:1)
38 creatures vanquished.

Vanquished Creatures (others)
  87 foxfires
87 creatures vanquished.

Grand Total: 125 creatures vanquished

Table legend: (Time is in decaauts)
 A = Elapsed time spent in this place.
 B = Non-inter-level travel time spent in this place.
 C = Inter-level travel time spent in this place.
 D = Time resting spent in this place.
 E = Time spent auto-exploring this place.
 F = Levels seen in this place.
 G = Mean time per level.
                   A        B        C        D        E       F      G
               +--------+--------+--------+--------+--------+-----+--------+
         Total |   1306 |   1271 |     35 |     52 |    987 |   2 |  653.0 |
       Dungeon |   1306 |   1271 |     35 |     52 |    987 |   2 |  653.0 |
               +--------+--------+--------+--------+--------+-----+--------+

Top non-repeatable levels by time:
     D:1: 1100 daAuts
     D:2: 205 daAuts

Table legend:
 A = Non-vault XP
 B = Vault XP
 C = Vault XP percentage of total XP
 D = Non-vault monster count
 E = Vault monster count
 F = Vault count percentage of total count
                 A         B        C        D         E       F
            +---------+---------+-------+---------+---------+-------
      Total |      60 |      56 |  48.3 |      26 |      12 |  31.6
            +---------+---------+-------+---------+---------+-------
        D:1 |      58 |       0 |   0.0 |      25 |       0 |   0.0
        D:2 |       2 |      56 |  96.6 |       1 |      12 |  92.3
            +---------+---------+-------+---------+---------+-------
